Map: Lerilak Crest

Players

DemeGer - Winner!

  • Race: Zerg Zerg

AgCl

  • Race: Protoss Protoss

VOD

Have the link to the VOD?

Description

Time

  • Played on: May 1, 2015, 6:43 p.m.
  • Length: 3:17
Show
View Real Time Build Order
Export as new Build Order

DemeGer Zerg - Winner!

Build Orders: Pool First 

Get SALT Encoding   

  12  0:01  Drone  
  13  0:12  Overlord  
  13  0:17  Drone  
  14  0:30  Drone  
  14  0:31  Drone  
  16  0:42  Spawning Pool  
  15  0:45  Drone  
  16  1:08  Hatchery  
  15  1:11  Drone  
  16  1:29  Zergling x6  
  16  1:31  Queen  
  21  1:41  Overlord  
  21  2:00  Hatchery  
  20  2:02  Drone  
  20  2:06  Drone  
  22  2:15  Zergling x2  
  23  2:21  Zergling x2  
  24  2:28  Zergling x2  
  25  2:46  Zergling x10  
  30  2:54  Overlord x2  
  30  2:56  Drone x2  
  30  2:58  Extractor  
Show
View Real Time Build Order
Export as new Build Order

AgCl Protoss 

Build Orders:  

Get SALT Encoding   

  12  0:09  Probe  
  13  0:21  Probe  
  13  0:22  Pylon  
  14  0:41  Probe (Chrono Boost), Assimilator  
  16  0:50  Probe (Chrono Boost), Forge  
  16  0:58  Probe (Chrono Boost)  
  17  1:10  Probe (Chrono Boost)  
  19  1:18  Probe (Chrono Boost)  
  19  1:27  Probe  
  19  1:31  Pylon  
  20  1:39  Probe  
  21  1:49  Gateway  
  21  1:51  Probe (Chrono Boost)  
  21  1:52  Gateway  
  21  1:54  Pylon  
  22  2:03  Probe (Chrono Boost)  
  22  2:04  Assimilator  
  23  2:11  Probe (Chrono Boost)  
  23  2:13  Pylon  
  24  2:15  Pylon  
  24  2:20  Probe  
  25  2:32  Photon Cannon  
  25  2:34  Photon Cannon  
  25  2:41  Probe  
  25  2:43  Zealot (Chrono Boost)  
  27  2:53  Probe  
  27  2:54  Zealot (Chrono Boost)  
Tags
 
Add a new tag
Caveats
  • Supply blocks, unpowered buildings, or Contaminate may cause inaccurate times.
  • Supply counts are checked every 10 seconds.